 Dungeon Crawl Stone Soup version 0.12.2-6-g2b2ad49 (webtiles) character file.

28626 smajdalf11 the Impaler (level 13, -8/100 HPs)
             Began as a Merfolk Gladiator on June 11, 2013.
             Was an Elder of Fedhas.
             Mangled by Turgon's ghost (34 damage)
             ... on Level 12 of the Dungeon.
             The game lasted 02:10:44 (23991 turns).

smajdalf11 the Impaler (Merfolk Gladiator)         Turns: 23991, Time: 02:10:44

HP  -8/100       AC 15     Str 16 (17) XL: 13   Next: 22%
MP  26/26        EV 17     Int 11      God: Fedhas [****..]
Gold 773         SH  0     Dex 15      Spells:  0 memorised, 12 levels left

Res.Fire  : + . .   See Invis. : .   a - +1,+3 orc glaive
Res.Cold  : . . .   Warding    : .   c - +2 ring mail {rF+}
Life Prot.: . . .   Conserve   : .   (no shield)
Res.Poison: +       Res.Corr.  : +   e - +0 helmet
Res.Elec. : +       Clarity    : .   d - +4 cloak of the Prince {rElec}
Sust.Abil.: . .     Spirit.Shd : .   f - +0 pair of gauntlets
Res.Mut.  : .       Stasis     : .   g - +0 pair of boots
Res.Rott. : .       Ctrl.Telep.: .   H - amulet of resist corrosion
Saprovore : . . .   Flight     : .   r - +3 ring of evasion
                                     X - ring of poison resistance

@: somewhat resistant to hostile enchantments, very unstealthy
A: change form in water, swift swim, Str +1
a: Evolution, Sunlight, Growth, Reproduction, Renounce Religion


You were on level 12 of the Dungeon.
You worshipped Fedhas.
Fedhas was extremely pleased with you.
You were not hungry.

You visited 3 branches of the dungeon, and saw 16 of its levels.
You also visited: Ossuary.

You collected 1054 gold pieces.
You spent 301 gold pieces at shops.

Inventory:

Hand weapons
 a - a +1,+3 orcish glaive (weapon)
 b - a +1,+0 glaive
 i - a +0,+0 trident
Missiles
 k - 8 exploding darts
 m - 48 darts (quivered)
 A - 2 throwing nets
Armour
 c - a +2 ring mail of fire resistance (worn)
 d - the +4 cloak of the Prince (worn) {rElec}
   (You found it on level 5 of the Dungeon)

   It insulates you from electricity.
 e - a +0 helmet (worn)
 f - a +0 pair of gauntlets (worn)
 g - a +0 pair of boots (worn)
 u - a +0 steam dragon hide
Magical devices
 q - a wand of frost (12)
 w - a wand of draining (6)
 z - a wand of invisibility (3)
 B - a wand of flame (11)
 G - a wand of random effects (6)
Comestibles
 p - a choko
 v - a meat ration
 x - 15 oranges
 D - 6 honeycombs
 E - 6 cheeses
 I - an apple
 J - 7 bread rations
 S - 14 grapes
Scrolls
 n - 4 scrolls of identify
 o - 5 scrolls of remove curse
 s - 3 scrolls of teleportation
 F - a scroll of magic mapping
Jewellery
 r - a +3 ring of evasion (right hand)
 C - an uncursed ring of flight
 H - an amulet of resist corrosion (around neck)
 K - an uncursed ring of fire {unknown}
 T - an uncursed ring of teleportation
 X - a ring of poison resistance (left hand)
Potions
 j - 2 potions of berserk rage
 l - 7 potions of curing
 t - 2 potions of cure mutation
 L - 3 potions of heal wounds
 M - 3 potions of might
Books
 h - a book of the Warp

   Spells                             Type                      Level
   Recall                             Summoning/Translocation      3
   Control Teleport                   Charms/Translocation         4
   Phase Shift                        Translocation                5
   Warp Weapon                        Charms/Translocation         5
   Dispersal                          Translocation                6
   Controlled Blink                   Translocation                7
   Disjunction                        Translocation                8
Miscellaneous
 y - a disc of storms


   Skills:
 - Level 10.8 Fighting
 - Level 20.2 Polearms
 - Level 2.0 Throwing
 - Level 10.0 Dodging
 * Level 8.3 Traps
 - Level 10.8 Invocations


You had 12 spell levels left.
You didn't know any spells.

Dungeon Overview and Level Annotations

Branches:
Dungeon (12/27)            Temple (1/1) D:7             Orc (0/4) D:8
   Lair (3/8) D:9          Spider (0/5) Lair:3
  Swamp: Lair:3-6    Shoals: Lair:3-6     Snake: Lair:3-6

Altars:
Ashenzari
Cheibriados
Elyvilon
Fedhas
Kikubaaqudgha
Makhleb
Nemelex Xobeh
Okawaru
Sif Muna
Trog
Vehumet
Xom
Yredelemnul
Zin
the Shining One

Shops:
D:7: [!([

Annotations
D:12 Turgon's ghost, powerful TrCK


Innate Abilities, Weirdness & Mutations

You revert to your normal form in water.
You are very nimble and swift while swimming.
Your muscles are strong (Str +1).


Message History

A giant frog comes into view.
You hit Turgon's ghost.
Turgon's ghost is moderately damaged.
Turgon's ghost hits you!
You slash Turgon's ghost!
Turgon's ghost is heavily damaged.
Turgon's ghost hits you but does no damage.
You hit Turgon's ghost.
Turgon's ghost is heavily damaged.
Turgon's ghost wails.
Turgon's ghost completely misses you.
You hit Turgon's ghost.
Turgon's ghost is severely damaged.
You hit Turgon's ghost but do no damage.
Turgon's ghost is severely damaged.
Turgon's ghost hits you!
* * * LOW HITPOINT WARNING * * *
Turgon's ghost hits you!
You die...
Fedhas appreciates your contribution to the ecosystem.

. #..# #..#
# #..#
#.#..#
#.#..#
#.....
#..######...
#..@..F.....
#.p#####....
#..........
##.#####.##
#.........
#.........
#.........
#.........
#.........


You could see a giant frog and Turgon's ghost.

Vanquished Creatures
  A deep troll (D:9)
  4 death yaks
  Erolcha (D:8)
  2 hill giants (D:11)
  Joseph (D:8)
  A cyclops (D:11)
  2 wolf spiders (Lair:3)
  A black mamba (Lair:2)
  3 spiny frogs
  3 feature mimics
  The ghost of styro the Sneak, an experienced HaAs (D:4)
  3 komodo dragons
  2 hill giant skeletons
  4 blink frogs (Lair:2)
  The ghost of Bonarez the Vexing, an average SpEn (D:5)
  8 trolls
  The ghost of Ogdradenian the Magician, an average OpWz of Sif Muna (D:3)
  A grizzly bear (Lair:3)
  A jumping spider (Lair:3)
  11 yaks
  Eustachio (D:10)
  Grum (D:8)
  2 steam dragons
  7 war dogs
  A wyvern (Lair:2)
  4 vampire mosquitoes (Lair:3)
  2 manticores
  A redback (Lair:3)
  A hippogriff (Lair:2)
  2 hungry ghosts
  Menkaure (D:4)
  A komodo dragon skeleton (D:11)
  2 soldier ants (D:11)
  9 orc warriors
  A phantom (D:5)
  A cyclops skeleton (D:8)
  7 sky beasts
  An ice beast (D:11)
  A yellow wasp (D:10)
  7 ogres
  6 giant goldfish (D:11)
  2 big kobolds
  A swamp drake (D:8)
  2 hippogriff skeletons
  4 centaurs
  Sigmund (D:3)
  Duvessa (D:4)
  4 crocodiles
  A wolf (Lair:2)
  5 water moccasins
  3 giant slugs
  An agate snail (Lair:1)
  11 giant frogs
  2 giant frog skeletons
  2 insubstantial wisps (D:10)
  4 killer bees (D:9)
  An electric eel (Lair:3)
  16 jellyfish
  2 big fish (D:9)
  4 crimson imps
  Dowan (D:4)
  4 goliath beetles
  5 scorpions
  14 orc priests
  A shadow (D:7)
  A spider (D:11)
  7 hounds
  A hound skeleton (D:5)
  8 worker ants
  4 porcupines
  A deep elf soldier (D:12)
  18 orc wizards
  8 iguanas
  Ijyb (D:3)
  Jessica (D:4)
  2 jellies
  11 mummies
  20 green rats
  24 adders
  An adder zombie (D:4)
  9 worms
  2 giant centipedes
  A giant mite (D:9)
  2 inept feature mimics
  A giant eyeball (D:9)
  2 gnoll zombies (Ossuary)
  7 giant geckos
  40 orcs
  A ball python (D:3)
  14 bats
  5 giant cockroaches
  9 goblins
  11 hobgoblins
  22 jackals
  10 quokkas
  2 giant newts
  A giant spore (D:6)
  3 hobgoblin zombies
  19 kobolds
  4 orc zombies (Ossuary)
  16 rats
  A ballistomycete (D:6)
493 creatures vanquished.

Vanquished Creatures (collateral kills)
  A hydra (Lair:2)
  A death yak (Lair:3)
  A porcupine (Lair:2)
3 creatures vanquished.

Vanquished Creatures (others)
  6 wandering mushrooms
  A necrophage (D:9)
  An orc (D:8)
  A goblin (D:5)
  A kobold (D:6)
  A rat (Lair:2)
  2 ballistomycetes (D:7)
  6 fungi
  136 toadstools
155 creatures vanquished.

Grand Total: 651 creatures vanquished

Notes
Turn   | Place    | Note
--------------------------------------------------------------
     0 | D:1      | smajdalf11, the Merfolk Gladiator, began the quest for the Orb.
     0 | D:1      | Reached XP level 1. HP: 17/17 MP: 0/0
     0 | D:1      | Noticed an ogre skeleton
     0 | D:1      | Noticed a felid skeleton
     4 | D:1      | Noticed a troll skeleton
     5 | D:1      | Noticed a spriggan skeleton
     7 | D:1      | Noticed a centaur skeleton
    10 | D:1      | Noticed a merfolk skeleton
    12 | D:1      | Noticed an ogre skeleton
    13 | D:1      | Noticed a dwarf skeleton
    14 | D:1      | Noticed an ogre skeleton
    16 | D:1      | Noticed a felid skeleton
    16 | D:1      | Noticed a minotaur skeleton
    18 | D:1      | Noticed an ogre skeleton
    18 | D:1      | Noticed a dwarf skeleton
   133 | D:1      | Reached skill level 5 in Polearms
   176 | D:1      | Reached XP level 2. HP: 13/23 MP: 1/1
  1064 | D:2      | Reached skill level 6 in Polearms
  1064 | D:2      | Reached XP level 3. HP: 28/28 MP: 2/2
  2003 | D:3      | Reached XP level 4. HP: 27/35 MP: 3/3
  2018 | D:3      | Noticed Ogdradenian's ghost (average OpWz)
  2222 | D:3      | Killed Ogdradenian's ghost
  2222 | D:3      | Reached skill level 9 in Polearms
  2222 | D:3      | Reached XP level 5. HP: 9/40 MP: 4/4
  2516 | D:3      | Reached XP level 6. HP: 44/46 MP: 5/5
  2702 | D:3      | Noticed Sigmund
  2731 | D:3      | Killed Sigmund
  2731 | D:3      | Reached skill level 10 in Polearms
  2786 | D:4      | Noticed Duvessa
  2786 | D:4      | Noticed Dowan
  2944 | D:4      | Reached XP level 7. HP: 49/51 MP: 6/6
  2979 | D:4      | Reached skill level 11 in Polearms
  3158 | D:4      | Gained mutation: You are frail (-10% HP). [potion of mutation]
  3158 | D:4      | Gained mutation: You can spit poison. [potion of mutation]
  3158 | D:4      | Gained mutation: You tend to lose your temper in combat. [potion of mutation]
  3164 | D:4      | Killed Dowan
  3205 | D:4      | Killed Duvessa
  3498 | D:4      | Noticed Ijyb
  3642 | D:4      | Reached skill level 12 in Polearms
  3824 | D:3      | Killed Ijyb
  3828 | D:4      | Noticed Menkaure
  4229 | D:4      | Killed Menkaure
  4229 | D:4      | Reached XP level 8. HP: 46/52 MP: 7/7
  4460 | D:4      | Noticed Jessica
  4467 | D:4      | Found a deep blue altar of Sif Muna.
  4474 | D:4      | Killed Jessica
  4527 | D:4      | Reached skill level 13 in Polearms
  4587 | D:4      | Noticed styro's ghost (experienced HaAs)
  4634 | D:4      | Killed styro's ghost
  4783 | D:5      | Entered Level 5 of the Dungeon
  5068 | D:4      | Reached skill level 14 in Polearms
  5081 | D:5      | Noticed Bonarez's ghost (average SpEn)
  6063 | D:5      | Killed Bonarez's ghost
  6063 | D:5      | Reached XP level 9. HP: 44/56 MP: 8/8
  6097 | D:5      | Lost mutation: You tend to lose your temper in combat. [potion of cure mutation]
  6097 | D:5      | Lost mutation: You can spit poison. [potion of cure mutation]
  6097 | D:5      | Lost mutation: You are frail (-10% HP). [potion of cure mutation]
  6611 | D:5      | Got a crude cloak
  6615 | D:5      | Identified the +4 cloak of the Prince {rElec} (You found it on level 5 of the Dungeon)
  6796 | D:5      | Reached skill level 15 in Polearms
  6884 | D:5      | Found a glowing silver altar of Zin.
  6884 | D:5      | Found a glowing golden altar of the Shining One.
  6886 | D:5      | Found a white marble altar of Elyvilon.
  8086 | D:6      | Reached skill level 16 in Polearms
  8488 | D:7      | Found a staircase to the Ecumenical Temple.
  8965 | D:7      | Found Olaeta's Distillery.
  8968 | D:7      | Bought a potion of paralysis for 14 gold pieces
  8968 | D:7      | Bought a potion of curing for 28 gold pieces
  8968 | D:7      | Bought 2 potions of heal wounds for 84 gold pieces
  8968 | D:7      | Bought a potion of heal wounds for 42 gold pieces
  8968 | D:7      | Bought a potion of might for 35 gold pieces
  8968 | D:7      | Bought a potion of poison for 14 gold pieces
  8969 | D:7      | Bought a potion of curing for 28 gold pieces
  8969 | D:7      | Bought a potion of curing for 28 gold pieces
  8969 | D:7      | Bought a potion of curing for 28 gold pieces
  9172 | D:7      | Found a sand-covered staircase.
  9192 | Ossuary  | Entered an ossuary
  9745 | D:7      | Found Thragaat's Antique Armour Shoppe.
  9776 | D:7      | Reached skill level 5 in Fighting
  9867 | D:7      | Found Khaast's Antique Weapon Emporium.
  9950 | Temple   | Entered the Ecumenical Temple
 10151 | Temple   | Became a worshipper of Fedhas Madash
 10387 | D:7      | Found Wadallit's Armour Emporium.
 10641 | D:8      | Noticed Grum
 10674 | D:7      | Reached XP level 10. HP: 22/75 MP: 9/9
 11104 | D:8      | Noticed Joseph
 11399 | D:8      | Killed Joseph
 11414 | D:8      | Gained mutation: Your muscles are strong (Str +1). [potion of gain strength]
 11479 | D:8      | Found a bloodstained altar of Trog.
 11707 | D:8      | Noticed Erolcha
 11821 | D:8      | Killed Grum
 12000 | D:8      | Killed Erolcha
 12326 | D:8      | Reached skill level 17 in Polearms
 12668 | D:8      | Found a staircase to the Orcish Mines.
 12954 | D:8      | Paralysed by an orc warrior for 3 turns
 13491 | D:9      | Reached skill level 18 in Polearms
 13659 | D:9      | Paralysed by a giant eyeball for 3 turns
 13714 | D:9      | Found a white marble altar of Elyvilon.
 13722 | D:9      | Reached XP level 11. HP: 72/84 MP: 10/10
 13872 | D:9      | Found a staircase to the Lair.
 14323 | D:9      | Reached skill level 19 in Polearms
 14584 | D:9      | Noticed a deep troll
 14611 | D:9      | Acquired Fedhas' first power
 14655 | D:9      | Killed a deep troll
 14655 | D:9      | Reached skill level 20 in Polearms
 14960 | D:9      | Reached skill level 10 in Fighting
 15289 | Lair:1   | Entered Level 1 of the Lair of Beasts
 15671 | Lair:1   | Reached skill level 5 in Dodging
 15995 | Lair:2   | Acquired Fedhas' second power
 16682 | Lair:2   | Reached XP level 12. HP: 42/94 MP: 11/11
 16939 | Lair:2   | Noticed a seven-headed hydra
 17028 | Lair:2   | Reached skill level 10 in Dodging
 17047 | Lair:2   | Reached skill level 1 in Invocations
 18266 | Lair:2   | Killed a nine-headed hydra
 18266 | Lair:2   | Reached skill level 5 in Invocations
 18752 | Lair:3   | Found a staircase to the Swamp.
 19022 | Lair:3   | the staircase to the Swamp was a mimic.
 19231 | Lair:3   | Noticed a death yak
 19232 | Lair:3   | Noticed a death yak
 19232 | Lair:3   | Noticed a death yak
 19232 | Lair:3   | Noticed a death yak
 19233 | Lair:3   | Noticed a death yak
 19291 | Lair:3   | Killed a death yak
 19299 | Lair:3   | Killed a death yak
 19300 | Lair:3   | Killed a death yak
 19372 | Lair:2   | Killed a death yak
 19776 | Lair:2   | Killed a death yak
 19848 | Lair:3   | Reached skill level 10 in Invocations
 20304 | Lair:3   | Found a hole to the Spider Nest.
 20498 | D:10     | Entered Level 10 of the Dungeon
 20610 | D:10     | Reached skill level 1 in Traps
 21186 | D:10     | Acquired Fedhas' third power
 22041 | D:10     | Noticed Eustachio
 22045 | D:10     | Killed Eustachio
 22183 | D:10     | Reached skill level 5 in Traps
 22744 | D:11     | Reached XP level 13. HP: 36/100 MP: 26/26
 23666 | D:11     | Identified a scroll of acquirement
 23750 | D:12     | Acquired Fedhas' fourth power
 23842 | D:12     | Noticed Turgon's ghost (powerful TrCK)
 23991 | D:12     | Mangled by Turgon's ghost

Action                   |  1- 3 |  4- 6 |  7- 9 | 10-12 | 13-15 || total
-------------------------+-------+-------+-------+-------+-------++-------
Melee: Trident           |   112 |    81 |   736 |   190 |       ||  1119
       Glaive            |       |       |       |  1161 |   210 ||  1371
Throw: Dart              |       |     3 |    49 |    11 |       ||    63
       Throwing net      |       |     1 |     2 |       |       ||     3
Invok: Evolution         |       |       |       |    10 |       ||    10
 Abil: Spit Poison       |       |       |     1 |       |       ||     1
Evoke: Wand              |       |       |       |     6 |     2 ||     8
  Use: Potion            |       |     1 |    14 |    12 |     2 ||    29
       Scroll            |       |       |    13 |    10 |     4 ||    27
 Stab: Sleeping          |     1 |       |     1 |     2 |       ||     4
       Held in net/web   |       |       |     2 |       |       ||     2
       Confused          |       |       |       |     2 |       ||     2
       Distracted        |       |       |       |     1 |       ||     1
